Map: 国王藏宝地-天梯版

Players

puCK (Nina)

  • Race: Protoss Protoss

Maru - Winner!

  • Race: Terran Terran
  • League: Gold

Event: WESG 2018 Grand Finals

VOD

Have the link to the VOD?

Description

Time

  • Played on: March 11, 2019, 1:22 a.m.
  • Length: 10:45

All games in this series

Show
View Real Time Build Order
Export as new Build Order

puCK Protoss 

Build Orders: Blink Stalkers 

Get SALT Encoding   

  12  0:00  Probe  
  13  0:12  Probe  
  14  0:18  Pylon  
  14  0:25  Probe  
  15  0:34  Probe  
  15  0:36  Gateway  
  15  0:42  Probe  
  16  0:48  Assimilator  
  17  0:52  Probe  
  18  1:00  Assimilator  
  18  1:04  Probe  
  19  1:16  Probe  
  20  1:23  Cybernetics Core  
  20  1:28  Probe  
  20  1:31  Pylon  
  21  1:40  Probe  
  22  1:50  Stalker  
  22  1:52  Probe  
  25  2:01  Warp Gate  
  25  2:05  Pylon, Probe  
  25  2:25  Twilight Council  
  25  2:27  Stalker  
  25  2:28  Probe  
  28  2:32  Gateway  
  28  2:38  Blink  
  28  2:45  Gateway  
  28  2:51  Shield Battery  
  28  3:02  Stalker  
  30  3:29  Pylon  
  30  3:41  Nexus  
  30  3:51  Stalker  
  31  3:58  Stalker  
  31  4:02  Sentry  
  35  4:03  Probe  
  36  4:15  Stalker  
  36  4:16  Probe, Phoenix  
  39  4:29  Probe  
  39  4:30  Robotics Facility  
  40  4:38  Stalker  
  40  4:41  Probe  
  43  4:46  Stalker  
  43  4:50  Probe  
  45  4:53  Probe  
  45  4:58  Probe  
  47  5:05  Probe  
  49  5:08  Probe  
  48  5:17  Probe  
  49  5:23  Probe, Robotics Bay  
  49  5:25  Sentry  
  49  5:27  Observer  
  52  5:29  Probe  
  52  5:35  Probe  
  55  5:36  Pylon  
  55  5:41  Shield Battery, Probe  
  56  5:47  Probe  
  56  5:49  Observer  
  57  5:53  Probe  
  57  5:55  Assimilator  
  59  5:58  Gateway  
  59  5:59  Probe, Assimilator  
  59  6:02  Gateway  
  58  6:05  Probe  
  57  6:11  Probe  
  57  6:17  Probe  
  59  6:18  Disruptor  
  59  6:23  Probe  
  59  6:30  Probe  
  59  6:31  Probe  
  63  6:38  Pylon  
  63  6:39  Probe  
  64  6:42  Probe  
  64  6:46  Disruptor  
  66  6:50  Probe  
  66  6:54  Probe  
  69  7:02  Probe  
  69  7:06  Stalker x3, Probe  
  77  7:14  Probe  
  78  7:21  Pylon  
  78  7:23  Shield Battery  
  78  7:29  Pylon  
  78  7:39  Colossus, Probe x2  
  78  7:43  Extended Thermal Lance  
  86  7:51  Probe x2  
  88  7:56  Nexus  
  88  8:03  Probe  
  89  8:06  Probe  
  89  8:08  Pylon  
  89  8:11  Pylon  
  90  8:13  Forge  
  90  8:15  Probe  
  90  8:19  Probe  
  92  8:24  Colossus  
  92  8:30  Sentry, Gateway  
  92  8:31  Probe  
  101  8:35  Pylon  
  101  8:40  Probe  
  101  8:49  Probe  
  101  8:50  Shield Battery  
  101  8:55  Shield Battery  
  102  8:57  Pylon  
  102  9:01  Probe  
  97  9:05  Stalker x2  
  97  9:07  Probe  
  102  9:11  Stalker  
  102  9:12  Probe  
  102  9:14  Probe  
  106  9:19  Probe  
  107  9:25  Stalker, Probe  
  107  9:30  Probe  
  111  9:33  Stalker x2  
  111  9:37  Stalker  
  107  9:46  Probe  
  114  9:54  Pylon x2  
  110  10:00  Stalker x3  
  110  10:06  Probe  
  113  10:10  Assimilator  
  113  10:12  Assimilator  
  113  10:13  Twilight Council  
  113  10:14  Zealot  
  115  10:24  Stalker x3  
  119  10:35  Stalker  
Show
View Real Time Build Order
Export as new Build Order

Maru Terran - Winner!

Build Orders: Cyclone Opening 

Get SALT Encoding   

  12  0:00  SCV  
  13  0:12  SCV  
  14  0:18  Supply Depot  
  14  0:25  SCV  
  15  0:40  SCV  
  15  0:41  Barracks  
  16  0:47  Refinery  
  16  0:52  SCV  
  17  1:00  Refinery  
  17  1:04  SCV  
  18  1:16  SCV  
  19  1:28  Orbital Command  
  19  1:29  Reaper  
  20  1:39  Supply Depot  
  20  1:45  Factory  
  20  1:55  SCV  
  20  2:01  Reaper  
  22  2:04  Bunker  
  22  2:07  SCV  
  23  2:19  SCV  
  24  2:31  SCV  
  24  2:35  Factory Tech Lab  
  25  2:42  Command Center  
  25  2:46  SCV  
  25  2:50  Starport  
  26  2:53  Supply Depot  
  26  2:56  Cyclone  
  29  3:01  Barracks  
  29  3:02  SCV  
  30  3:14  SCV  
  31  3:26  SCV  
  32  3:28  Siege Tank  
  37  3:44  Command Center  
  37  3:48  Starport Tech Lab  
  35  3:49  Barracks Reactor, Supply Depot  
  35  3:52  SCV  
  35  3:55  Bunker  
  36  4:00  Siege Tank  
  38  4:08  SCV  
  39  4:13  Banshee  
  42  4:20  SCV  
  42  4:24  Marine  
  43  4:27  Marine x2  
  46  4:32  Cloaking Field  
  46  4:41  Supply Depot  
  46  4:43  Barracks Tech Lab  
  45  4:47  Marine x2  
  47  4:57  Orbital Command  
  47  5:03  Banshee  
  50  5:11  Marine x2  
  49  5:18  Orbital Command  
  48  5:22  Marine, Siege Tank  
  48  5:26  SCV  
  53  5:29  Marine  
  54  5:35  Marine  
  54  5:38  SCV  
  54  5:40  Marine  
  57  5:42  Supply Depot  
  57  5:43  Stimpack  
  57  5:44  SCV  
  58  5:50  Engineering Bay, SCV  
  58  5:57  Barracks, SCV  
  59  6:02  Marine x2  
  62  6:10  SCV  
  62  6:11  SCV  
  64  6:12  Supply Depot  
  64  6:13  Starport Reactor  
  64  6:16  Siege Tank  
  67  6:20  Supply Depot  
  67  6:23  SCV  
  68  6:30  SCV  
  69  6:33  Marine x3  
  69  6:35  Terran Infantry Weapons Level 1, Supply Depot, SCV  
  73  6:41  Refinery  
  73  6:42  SCV  
  73  6:44  Supply Depot  
  74  6:47  SCV  
  75  6:54  SCV  
  75  6:56  Marauder, Marine  
  75  6:57  Marauder  
  78  7:05  SCV  
  79  7:10  Medivac  
  79  7:11  Medivac  
  79  7:14  Marine x2  
  85  7:20  Marauder x2  
  89  7:25  SCV  
  89  7:27  Refinery  
  89  7:29  Combat Shield  
  90  7:32  SCV  
  90  7:36  Supply Depot  
  91  7:37  SCV  
  91  7:39  Marine x2  
  91  7:41  Marauder x2  
  97  7:47  Supply Depot, SCV  
  97  7:49  SCV  
  99  7:55  Medivac  
  99  7:56  Concussive Shells  
  101  8:01  Supply Depot  
  101  8:02  Command Center  
  101  8:06  Marauder x2, Marine x2  
  101  8:11  Supply Depot, SCV x2  
  109  8:14  Medivac  
  111  8:21  Siege Tank  
  114  8:33  Barracks, Terran Infantry Armor Level 1  
  114  8:35  Barracks, Supply Depot  
  114  8:37  Marauder x2  
  114  8:40  Marine  
  119  8:48  Marine  
  119  8:50  SCV x2  
  122  8:57  Marine  
  122  8:59  Marauder x2  
  122  9:02  SCV x2  
  128  9:05  Medivac, Siege Tank  
  132  9:10  Medivac  
  132  9:15  Orbital Command  
  134  9:19  Marine  
  134  9:20  Marauder x2  
  139  9:26  Barracks Reactor, Barracks Tech Lab  
  139  9:27  Marine  
  140  9:37  Marine  
  141  9:40  Orbital Command  
  141  9:41  Marauder  
  141  9:42  Marauder  
  140  9:53  Marauder, Marine  
  140  9:59  Marine  
  138  10:03  Marauder x2, Siege Tank  
  138  10:04  SCV x2  
  147  10:10  Medivac x2  
  151  10:17  Supply Depot  
  151  10:18  Marauder, Marine  
  151  10:20  Supply Depot  
  154  10:26  Marine  
  157  10:29  Supply Depot  
Tags
 
Add a new tag
Caveats
  • Supply blocks, unpowered buildings, or Contaminate may cause inaccurate times.
  • Supply counts are checked every 10 seconds.